 Dungeon Crawl Stone Soup version 0.31-a0-486-g8d68a81214 (webtiles) character file.

Game seed: 10544101279691154736

15367 Newt the Spear-Bearer (level 12, -7/88 HPs)
             Began as a Merfolk Gladiator on Aug 4, 2023.
             Was an Elder of Hepliaklqana.
             Killed from afar by a gargoyle (21 damage)
             ... with a stone arrow
             ... on level 12 of the Dungeon on Aug 7, 2023.
             The game lasted 00:14:04 (12282 turns).

Newt the Spear-Bearer (Merfolk Gladiator)          Turns: 12282, Time: 00:14:04

Health: -7/88      AC:  3    Str: 25    XL:     12   Next: 26%
Magic:  19/19      EV: 27    Int:  7    God:    Hepliaklqana [****..]
Gold:   216        SH: 11    Dex: 16    Spells: 18/20 levels left

rFire   + . .        b - +2 spear (venom)
rCold   . . .        K - +0 kite shield {rF+}
rNeg    . . .        T - +0 troll leather armour
rPois   .            c - melded +1 helmet
rElec   .            (cloak currently unavailable)
rCorr   .            (gloves currently unavailable)
SInv    .            (boots currently unavailable)
Will    .....        u - amulet of the acrobat
Stlth   +            n - ring of flight
HPRegen 1.14/turn    i - +6 ring of strength
MPRegen 0.16/turn

%: acrobat
@: about to teleport, beast-form, marked, acrobatic, flying
A: beast (slay +7), reduced essence, (nimble swimmer 2), mertail, antennae 1
a: Begin Untransformation, Renounce Religion, Recall Ancestor, Ancestor
Identity, Transference, Idealise


You were on level 12 of the Dungeon.
You worshipped Hepliaklqana.
Hepliaklqana was greatly pleased with you.
You were a hulking beast.
You visited 2 branches of the dungeon, and saw 13 of its levels.
You also visited: Bailey.

You collected 594 gold pieces.
You spent 378 gold pieces at shops.

Inventory:

Hand Weapons
 a - a +4 trident of freezing
 b - a +2 spear of venom (weapon)
 R - a +0 trident
Missiles
 d - a throwing net
 e - a javelin
 g - 51 poisoned darts
Armour
 c - a +1 helmet (melded)
 o - a +4 scale mail
 r - a +0 leather armour
 x - an orb of mayhem
 C - a +1 pair of boots
 D - a +2 buckler
 E - +0 steam dragon scales
 K - a +0 kite shield of fire resistance (worn)
 T - a +0 troll leather armour (worn)
Jewellery
 i - a +6 ring of strength (right hand)
 n - a ring of flight (left hand)
 p - an amulet of magic regeneration
 u - an amulet of the acrobat (around neck)
 v - a ring of fire
Talismans
 l - a beast talisman (active)
Wands
 f - a wand of flame (48)
 q - a wand of iceblast (12)
 y - a wand of paralysis (18)
 L - a wand of digging (6)
Scrolls
 h - 2 scrolls of vulnerability
 k - 3 scrolls of teleportation
 H - a scroll of butterflies
 J - 2 scrolls of fog
 M - a scroll of revelation
 N - a scroll of enchant weapon
 O - 3 scrolls of blinking
Potions
 j - 3 potions of attraction
 m - 4 potions of curing
 s - 5 potions of enlightenment
 t - a potion of lignification
 w - 2 potions of mutation
 z - 3 potions of might {unknown}
 A - a potion of degeneration
 B - 3 potions of heal wounds {unknown}
 F - a potion of cancellation {unknown}
 G - 2 potions of haste {unknown}
 I - a potion of resistance {unknown}
 P - 2 potions of brilliance {unknown}
 Q - a potion of invisibility {unknown}
 S - a potion of magic


   Skills:
 - Level 10.4 Fighting
 - Level 14.1 Polearms
 - Level 2.0 Throwing
 - Level 4.0 Dodging
 + Level 8.6 Shields
 - Level 4.9 Spellcasting
 - Level 7.2 Transmutations
 - Level 10.0 Shapeshifting


You had 18 spell levels left.
You knew the following spells:

 Your Spells              Type           Power      Damage    Failure   Level
a - Wereblood             Tmut           11%        N/A       4%          2

Your spell library contained the following spells:

 Spells                   Type           Power      Damage    Failure   Level
 Passwall                 Tmut/Erth      5%         N/A       21%         2
 Foxfire                  Conj/Fire      4%         2x1d4     52%         1
 Kiss of Death            Conj/Necr      4%         2d5       52%         1
 Ignite Poison            Fire/Tmut/Pois 5%         N/A       54%         3
 Cigotuvi's Dreadful Rot  Necr/Pois/Air  2%         N/A       65%         2
 Ensorcelled Hibernation  Hex/Ice        2%         N/A       65%         2
 Sublimation of Blood     Necr           1%         N/A       65%         2
 Confusing Touch          Hex            1%         N/A       87%         3
 Dazzling Flash           Conj/Hex       2%         N/A       87%         3
 Hailstorm                Conj/Ice       1%         3d3       87%         3
 Ozocubu's Armour         Ice            1%         N/A       87%         3
 Swiftness                Air            1%         N/A       87%         3
 Volatile Blastmotes      Fire/Tloc      2%         2d10      87%         3
 Anguish                  Hex/Necr       0%         N/A       99%         4
 Dispel Undead            Necr           1%         3d6       99%         4
 Summon Ice Beast         Ice/Summ       1%         N/A       99%         4
 Freezing Cloud           Conj/Ice/Air   0%         6-21      100%        5
 Plasma Beam              Fire/Air       0%         2x1d10    100%        6
 Simulacrum               Ice/Necr       0%         N/A       100%        6
 Starburst                Conj/Fire      0%         6d3       100%        6
 Ozocubu's Refrigeration  Ice            0%         4d7       100%        7
 Summon Hydra             Summ           0%         N/A       100%        7
 Maxwell's Capacitive Co  Air            0%         ∞         100%        8


Dungeon Overview and Level Annotations

Branches:
Dungeon (12/15)            Temple (1/1) D:5            Lair (0/5) D:11
 Bailey (visited)
    Orc: D:9-12

Altars:
Ashenzari
Cheibriados
Dithmenos
Elyvilon
Fedhas
Gozag
Hepliaklqana
Kikubaaqudgha
Makhleb
Nemelex Xobeh
Okawaru
Qazlal
Ru
Sif Muna
Trog
Uskayaw
Vehumet
Wu Jian
Xom
Yredelemnul
Zin
The Shining One

Shops:
D:3 (=   D:9 =[:   D:10 [

Annotations:
D:3 1 runed translucent door


Innate Abilities, Weirdness & Mutations

You are a hulking beast.
Your limbs bulge with bestial killing power. (Slay +7)
Your life essence is reduced to manifest your ancestor. (-10% HP)
((You are very nimble when in or above water. (Stealth+, EV+, Speed+++)))
Your lower body shifts to a powerful aquatic tail in water.
You have a pair of small antennae on your head.


Message History

The gargoyle is severely damaged.
You block the gargoyle's attack.
You completely miss the gargoyle.
The gargoyle is severely damaged.
You hit the gargoyle but do no damage.
The gargoyle is severely damaged.
The gargoyle closely misses you.
You hit the gargoyle but do no damage.
The gargoyle is severely damaged.
The gargoyle hurls a stone arrow at you.
The stone arrow hits you!
* * * LOW HITPOINT WARNING * * *
You barely miss the gargoyle.
The gargoyle is severely damaged.
You hit the gargoyle but do no damage.
The gargoyle is severely damaged.
The gargoyle closely misses you.
You completely miss the gargoyle.
The gargoyle is severely damaged.
You hit the gargoyle but do no damage.
The gargoyle is severely damaged.
The gargoyle closely misses you.
You puncture the gargoyle!
The gargoyle is almost destroyed.
The gargoyle hurls a stone arrow at you.
You block the stone arrow.
An orange demon comes into view.
You hit the gargoyle but do no damage.
The gargoyle is almost destroyed.
As you read the scroll of teleportation, it crumbles to dust.
You feel strangely unstable.
A hellwing comes into view.
The gargoyle hurls a stone arrow at you.
The stone arrow hits you!
* * * LOW HITPOINT WARNING * * *
Unknown command.
The gargoyle attacks as you move away! The gargoyle closely misses you.
The gargoyle hurls a stone arrow at you.
The stone arrow hits you!!
You die...

...###..# .# ...#....#.
...#....#...
...#....#...#
...#....##..#
...#.....#..# ..
...#.....#..###+#####....
...#.....#..4.9...†.4....
...#'#####......h......∩.
.........................
...........†.............
....#####...############.
....# #...# ....# #...#
....# #...# ##### #####


You could see an orange demon, a hellwing and a gargoyle.

Vanquished Creatures
  2 vault guards (Bailey)
  A boulder beetle (D:12)
  2 two-headed ogres (D:11)
  A sixfirhy (D:12)
  Pikel (D:5)
  A cyclops (D:11)
  A manticore (D:12)
  An elephant (D:11)
  An unseen horror (D:11)
  Maggie (D:7)
  A troll (D:9)
  Prince Ribbit (Bailey)
  The ghost of LordLoth the Slasher, an amateur HuFi (D:3)
  2 hornets
  Sigmund (D:2)
  3 slime creatures (D:12)
  2 vampires
  A yak (D:11)
  3 wyverns
  4 humans (Bailey)
  2 basilisks (D:11)
  The ghost of voltaire321 the Stinger, an amateur DsVM (D:5)
  A neqoxec (D:12)
  Menkaure (D:5)
  2 acid dragons
  Edmund (D:5)
  A water moccasin (D:8)
  Duvessa (D:4)
  4 orc warriors
  2 ogres
  A lemure (D:5)
  A phantom (D:6)
  2 centaurs
  4 kobold brigands
  7 bullfrogs
  2 scorpions
  A gnoll sergeant (D:11)
  9 wights
  Dowan (D:4)
  3 killer bees (D:10)
  A howler monkey (D:9)
  3 jellies
  3 orc priests
  Crazy Yiuf (D:4)
  A quasit (D:12)
  5 hounds
  An iguana (D:6)
  A sleepcap (D:6)
  Terence (D:2)
  3 orc wizards
  Robin (D:4)
  13 gnolls
  7 adders
  A river rat (D:3)
  5 dart slugs
  19 orcs
  6 endoplasms
  4 giant cockroaches
  15 goblins
  9 hobgoblins
  6 jackals
  2 quokkas
  6 ball pythons
  8 bats
  5 frilled lizards
  34 kobolds
  11 rats
250 creatures vanquished.

Vanquished Creatures (collateral kills)
  An ugly thing (D:11)
  A troll (D:12)
  A wraith (D:9)
  2 wyverns (D:7)
  A steam dragon (D:8)
  An orc warrior (D:11)
  An ice beast (D:8)
  2 kobold brigands
  4 bullfrogs
  3 wights
  3 orc priests (D:11)
  2 gnolls
  A shadow imp (D:7)
  An ufetubus (D:6)
  4 orcs
  A goblin (Bailey)
  7 kobolds
36 creatures vanquished.

Vanquished Creatures (others)
  5 knights
  An ancestor (D:9)
6 creatures vanquished.

Grand Total: 292 creatures vanquished

Notes
Turn   | Place    | Note
-------+----------+-------------------------------------------
     0 | D:1      | Newt the Merfolk Gladiator began the quest for the Orb.
     0 | D:1      | Reached XP level 1. HP: 16/16 MP: 1/1
   235 | D:1      | Reached XP level 2. HP: 23/23 MP: 2/2
   560 | D:1      | Reached XP level 3. HP: 30/30 MP: 3/3
  1153 | D:2      | Noticed Terence
  1183 | D:2      | Killed Terence
  1184 | D:2      | Reached skill level 5 in Polearms
  1184 | D:2      | Reached XP level 4. HP: 10/37 MP: 4/4
  1636 | D:2      | Noticed Sigmund
  1809 | D:2      | Killed Sigmund
  1810 | D:2      | Reached skill level 7 in Polearms
  1810 | D:2      | Reached XP level 5. HP: 32/42 MP: 5/5
  1810 | D:2      | Reached XP level 6. HP: 36/48 MP: 6/6
  2216 | D:3      | Found a runed translucent door.
  2224 | D:3      | Noticed LordLoth's ghost (amateur HuFi)
  2355 | D:3      | Reached skill level 1 in Shapeshifting
  2818 | D:3      | Found Zoutt's Jewellery Emporium.
  2855 | D:3      | Found a runed translucent door.
  2995 | D:3      | Found Votac's Antique Weapon Boutique.
  3000 | D:3      | Bought a glowing spear for 138 gold pieces
  3196 | D:3      | Reached skill level 10 in Fighting
  3196 | D:3      | Reached skill level 10 in Shapeshifting
  3196 | D:3      | Reached XP level 7. HP: 67/67 MP: 7/7
  3234 | D:3      | Killed LordLoth's ghost
  3235 | D:3      | Reached skill level 8 in Polearms
  3235 | D:3      | Reached XP level 8. HP: 41/73 MP: 8/8
  3575 | D:4      | Noticed Dowan
  3575 | D:4      | Noticed Duvessa
  3581 | D:4      | Killed Dowan
  3591 | D:4      | Killed Duvessa
  3993 | D:4      | Found a runed translucent door.
  3994 | D:4      | Noticed Crazy Yiuf
  4119 | D:4      | Noticed Robin
  4135 | D:4      | Killed Robin
  4307 | D:4      | Killed Crazy Yiuf
  4308 | D:4      | Reached skill level 9 in Polearms
  4362 | D:4      | Identified the +7 hammer of the Big Fish {freeze, Dex+3}
  4390 | D:5      | Entered Level 5 of the Dungeon
  4441 | D:5      | Found a large runed translucent door.
  4453 | D:5      | Found a staircase to the Ecumenical Temple.
  4468 | D:5      | Noticed Edmund
  4486 | D:5      | Killed Edmund
  4498 | Temple   | Entered the Ecumenical Temple
  4534 | Temple   | Became a worshipper of Hepliaklqana the Forgotten
  4702 | D:5      | Noticed Menkaure
  4713 | D:5      | Killed Menkaure
  5309 | D:5      | Noticed Pikel
  5320 | D:5      | Killed Pikel
  5321 | D:5      | Reached skill level 10 in Polearms
  5321 | D:5      | Reached XP level 9. HP: 79/79 MP: 9/9
  5521 | D:5      | Found a large runed translucent door.
  5522 | D:5      | Noticed voltaire321's ghost (amateur DsVM)
  5523 | D:5      | You are sucked into a shaft and drop 2 floors!
  5523 | D:7      | Reached * piety under Hepliaklqana
  5590 | D:7      | Reached skill level 11 in Polearms
  5756 | D:7      | Noticed Maggie
  5770 | D:7      | Killed Maggie
  5983 | D:7      | Reached skill level 12 in Polearms
  6208 | D:7      | Noticed a hornet
  6215 | D:7      | Killed a hornet
  6216 | D:7      | Reached XP level 10. HP: 52/77 MP: 10/10
  6889 | D:6      | Reached ** piety under Hepliaklqana
  6890 | D:6      | Remembered your ancestor Cynebald as a knight
  6997 | D:6      | Reached skill level 13 in Polearms
  7404 | D:5      | Killed voltaire321's ghost
  7526 | D:8      | Upgraded the game from 0.31-a0-460-g9e667d4245 to
                  | 0.31-a0-486-g8d68a81214
  7623 | D:8      | Reached skill level 14 in Polearms
  7831 | D:8      | Reached skill level 1 in Transmutations
  8031 | D:8      | Reached skill level 1 in Spellcasting
  8392 | D:9      | Found Moriur's Book Emporium.
  8469 | D:9      | Found a flagged portal.
  8488 | Bailey   | Entered a bailey
  8628 | Bailey   | Reached XP level 11. HP: 82/82 MP: 15/15
  8629 | Bailey   | Noticed Prince Ribbit
  8641 | Bailey   | Reached skill level 5 in Transmutations
  8648 | Bailey   | Killed Prince Ribbit
  8756 | Bailey   | Noticed a vault guard
  8770 | Bailey   | Killed a vault guard
  8938 | Bailey   | Noticed a vault guard
  8962 | Bailey   | Killed a vault guard
  9170 | D:9      | Found Uxigg's Antique Armour Emporium.
  9230 | D:9      | Learned a level 2 spell: Wereblood
  9264 | D:9      | Reached *** piety under Hepliaklqana
  9303 | D:9      | Found Gowioxte's Jewellery Boutique.
  9363 | D:9      | Found an ancient bone altar of Kikubaaqudgha.
  9679 | D:10     | Entered Level 10 of the Dungeon
  9772 | D:10     | Found Ahucvom's Antique Armour Emporium.
  9776 | D:10     | Bought a shiny kite shield for 240 gold pieces
 10164 | D:10     | Found a hide-covered altar of Uskayaw.
 10164 | D:10     | Found a radiant altar of Vehumet.
 10311 | D:10     | Reached skill level 1 in Shields
 10400 | D:10     | Found a shimmering blue altar of Sif Muna.
 10642 | D:11     | Noticed a cyclops
 10645 | D:11     | Noticed a two-headed ogre
 10657 | D:11     | Killed a two-headed ogre
 10661 | D:11     | Killed a cyclops
 11139 | D:11     | Noticed a green ugly thing
 11151 | D:11     | Killed a green ugly thing
 11152 | D:11     | Reached skill level 5 in Shields
 11344 | D:11     | Reached **** piety under Hepliaklqana
 11373 | D:11     | Found a staircase to the Lair.
 11464 | D:11     | Noticed a two-headed ogre
 11472 | D:11     | Killed a two-headed ogre
 11473 | D:11     | Reached XP level 12. HP: 56/88 MP: 19/19
 11581 | D:11     | Identified the +0 robe "Lydehu Kes" {Int+2}
 11972 | D:12     | Gained mutation: You have a pair of small antennae on your
                  | head. [a neqoxec]
 12036 | D:12     | Noticed a boulder beetle
 12058 | D:12     | Killed a boulder beetle
 12282 | D:12     | Killed from afar by a gargoyle

Illustrated notes

Levels and vault maps discovered:
D:1:      dpeg_arrival_subterranean_lakeside_camping, layout_loops_corners,
          nicolae_grassy_gnolls
D:2:      minmay_evil_eye, layout_rooms, uniq_sigmund, uniq_terence
D:3:      layout_rooms, serial_shops, shop, nicolae_square_shop,
          ebering_ghost_sewer_f
D:4:      layout_basic, kennysheep_boxes, uniq_robin, uniq_duvessa,
          uniq_crazy_yiuf_cottage
D:5:      layout_basic, temple_statues, ebering_ghost_disaster_area,
          uniq_menkaure, uniq_edmund, uniq_pikel
D:6:      layout_rooms, kennysheep_nub, kennysheep_generic_room_9
D:7:      layout_layer_cave, hangedman_decor_peaks_small, uniq_maggie
D:8:      layout_rooms, chequers_serial_rivers_micro_d, minmay_misc_feat_columns
D:9:      layout_small_grid, nicolae_kikubaaqudgha_miasma_corner, serial_shops,
          shop, nicolae_shop_tiny_waterfront, shop, enter_bailey_6
D:10:     layout_loops_ring, gammafunk_temple_overflow_wave,
          lemuel_coloured_pillars_altar, serial_shops,
          nicolae_shop_back_alley_shop
D:11:     layout_long_grid, david_lair_generic
D:12:     layout_irregular_city, orc_0_dummy, serial_demonic, serial_demonic_e,
          serial_demonic_d, serial_demonic_e, serial_demonic_a,
          serial_demonic_g, serial_demonic_d, grunt_dithmenos_smoke_and_mirrors
Temple:   mainiacjoe_temple_bowtie_tessellation

Skill      XL: |  1  2  3  4  5  6  7  8  9 10 11 12 |
---------------+-------------------------------------+-----
Fighting       | 3 4 10 | 10.4
Polearms       | 5 7 8 10 12 14 | 14.1
Shapeshifting  | 10 | 10.0
Transmutations | 4 7 |  7.2
Spellcasting   | 3 4 |  4.9
Shields        | 6 8 |  8.6
Throwing       | |  2.0
Dodging        | |  4.0

Action                     |  1- 3 |  4- 6 |  7- 9 | 10-12 || total
---------------------------+-------+-------+-------+-------++-------
  Melee: Trident           |   127 |   105 |       |     4 ||   236
         Punch             |     1 |       |     1 |       ||     2
         Spear             |       |    11 |   225 |   504 ||   740
  Throw: Dart              |     2 |     3 |       |       ||     5
         Throwing net      |     1 |     1 |     2 |       ||     4
   Cast: Wereblood         |       |       |       |     2 ||     2
 Invoke: Recall Ancestor   |       |       |       |     2 ||     2
         Ancestor Life: Kn |       |       |       |     1 ||     1
    Use: Scroll            |     5 |     2 |     2 |    10 ||    19
         Potion            |       |     2 |       |     1 ||     3
   Stab: Sleeping          |     3 |     1 |       |       ||     4
         Held in net/web   |     1 |     1 |     2 |       ||     4
         Distracted        |       |       |     2 |     3 ||     5
 Armour: Leather armour    |    30 |    10 |       |       ||    40
         Scale mail        |       |    15 |    39 |    41 ||    95
         Troll leather arm |       |       |       |     1 ||     1
  Dodge: Dodged            |    67 |    59 |    61 |    99 ||   286
  Block: Kite shield       |       |       |       |    33 ||    33
   Form: Beast             |       |       |     1 |       ||     1

Table legend: (Time is in decaauts)
 A = Elapsed time spent in this place.
 B = Non-inter-level travel time spent in this place.
 C = Inter-level travel time spent in this place.
 D = Time resting spent in this place.
 E = Time spent auto-exploring this place.
 F = Levels seen in this place.
 G = Mean time per level.
                   A        B        C        D        E       F      G
               +--------+--------+--------+--------+--------+-----+--------+
         Total |  11947 |  11503 |    444 |   2036 |   7992 |  14 |  853.4 |
       Dungeon |  11314 |  10938 |    376 |   1808 |   7759 |  12 |  942.8 |
        Temple |     69 |      1 |     68 |      0 |      0 |   1 |   69.0 |
        Bailey |    563 |    563 |      0 |    228 |    232 |   1 |  563.0 |
               +--------+--------+--------+--------+--------+-----+--------+

Top non-repeatable levels by time:
     D:7: 1320 daAuts
     D:3: 1304 daAuts
     D:5: 1199 daAuts
    D:10: 1108 daAuts
     D:2: 1051 daAuts
    D:11: 1044 daAuts
     D:1: 1011 daAuts
     D:4: 988 daAuts
     D:8: 833 daAuts
     D:9: 635 daAuts
  Bailey: 563 daAuts
     D:6: 468 daAuts
    D:12: 347 daAuts
  Temple: 69 daAuts
